 Dungeon Crawl Stone Soup version 0.26-a0-26-ge22fd8933b (webtiles) character file.

Game seed: 343658457578450675, levelgen mode: deterministic

4330 mora the Vexing (level 10, -8/74 (76) HPs)
             Began as a Gnoll Arcane Marksman on May 27, 2020.
             Was a Follower of Ashenzari.
             Mangled by a two-headed ogre
             ... wielding a +0 giant spiked club
              (21 damage)
             ... on level 8 of the Dungeon.
             The game lasted 00:22:35 (9496 turns).

mora the Vexing (Gnoll Arcane Marksman)             Turns: 9496, Time: 00:22:36

HP:   -8/74 (76)    AC:  9    Str: 15    XL:     10   Next: 33%
MP:   18/18         EV: 15    Int: 16    God:    Ashenzari [*.....]
Gold: 212           SH:  0    Dex: 16    Spells: 12/20 levels left

rFire    . . .     SeeInvis .   b - +3 scimitar
rCold    . . .     Gourm    .   (no shield)
rNeg     . . .     Faith    .   z - +3 ring mail
rPois    .         Spirit   .   (no helmet)
rElec    .         Reflect  .   (no cloak)
rCorr    .         Harm     .   (no gloves)
MR       +....                  (no boots)
Stlth    ++........             (no amulet)
HPRegen  0.22/turn              C - ring of protection from magic
MPRegen  0.16/turn              x - ring of wizardry

@: lightly drained
A: distributed training, fangs 1, strong nose
a: Curse Item, Scrying, Renounce Religion


You were on level 8 of the Dungeon.
You worshipped Ashenzari.
Ashenzari was aware of your devotion.
You were not hungry.

You visited 1 branch of the dungeon, and saw 8 of its levels.

You collected 355 gold pieces.
You spent 143 gold pieces at shops.

Inventory:

Hand Weapons
 b - a +3 scimitar (weapon)
 d - a +0 long sword
 l - a +5 great sword
 r - a +2 eveningstar of holy wrath
 t - a +5 vorpal mace
 v - a +3 dagger of draining
Missiles
 j - 10 javelins
 q - 15 boomerangs
 w - 221 stones (quivered)
 B - 14 poisoned darts
Armour
 g - the +0 chain mail of Uskayaw's Castigation {Harm MR+ Regen+ Int+4}
   (You found it on level 6 of the Dungeon)

   It affects your intelligence (+4).
   It affects your resistance to hostile enchantments.
   It increases your rate of regeneration.
   It increases damage dealt and taken.
 z - a +3 ring mail (worn)
 D - a +3 scale mail of cold resistance
Jewellery
 s - an uncursed ring of flight
 x - a ring of wizardry (right hand)
 C - a ring of protection from magic (left hand)
Wands
 A - a wand of acid (5)
 F - a wand of flame (24)
Scrolls
 f - a scroll of amnesia
 i - 4 scrolls of identify
 n - 3 scrolls of enchant armour
 u - 4 scrolls of remove curse
Potions
 a - a potion of haste
 c - 12 potions of curing
 h - 5 potions of heal wounds
 k - a potion of berserk rage {unknown}
 m - a potion of might
 o - 3 potions of mutation
 p - 2 potions of magic
 y - 2 potions of flight
Comestibles
 e - 15 rations


   Skills:
 + Level 5.8(5.5) Fighting
 + Level 5.1(4.9) Short Blades
 + Level 5.1(4.9) Long Blades
 + Level 5.1(4.9) Axes
 + Level 5.1(4.9) Maces & Flails
 + Level 5.1(4.9) Polearms
 + Level 5.1(4.9) Staves
 + Level 5.1(4.9) Slings
 + Level 5.1(4.9) Bows
 + Level 5.1(4.9) Crossbows
 + Level 6.9(6.7) Throwing
 + Level 5.1(4.9) Armour
 + Level 6.9(6.7) Dodging
 + Level 5.1(4.9) Stealth
 + Level 5.1(4.9) Shields
 + Level 5.1(4.9) Unarmed Combat
 + Level 5.9(5.7) Spellcasting
 + Level 4.2(4.0) Conjurations
 + Level 7.0(6.8) Hexes
 + Level 4.2(4.0) Charms
 + Level 4.2(4.0) Summonings
 + Level 4.2(4.0) Necromancy
 + Level 4.2(4.0) Translocations
 + Level 4.2(4.0) Transmutations
 + Level 4.2(4.0) Fire Magic
 + Level 4.2(4.0) Ice Magic
 + Level 4.2(4.0) Air Magic
 + Level 4.2(4.0) Earth Magic
 + Level 4.2(4.0) Poison Magic
 + Level 5.6(5.4) Invocations
 + Level 5.1(4.9) Evocations


You had 12 spell levels left.
You knew the following spells:

 Your Spells              Type           Power        Failure   Level  Hunger
a - Corona                Hex            ####...      1%          1    None
b - Portal Projectile     Hex/Tloc       ###...       3%          3    ##.....
c - Cause Fear            Hex            ####......   6%          4    ####...

Your spell library contained the following spells:

 Spells                   Type           Power        Failure   Level  Hunger
 Slow                     Hex            ####....     1%          2    #......
 Confusing Touch          Hex            ####....     1%          3    ##.....
 Inner Flame              Hex/Fire       ###.....     3%          3    ##.....
 Gell's Gravitas          Tloc           ###.......   6%          3    ##.....
 Leda's Liquefaction      Hex/Erth       ###.......   12%         4    ####...
 Petrify                  Tmut/Erth      ###.....     21%         4    ####...
 Metabolic Englaciation   Hex/Ice        ###.......   30%         5    ######.
 Yara's Violent Unravell  Hex/Tmut       ###.......   30%         5    ######.


Dungeon Overview and Level Annotations

Branches:
Dungeon (8/15)             Temple (0/1) D:6
   Lair: D:8-11

Altars:
Ashenzari
Nemelex Xobeh
Qazlal
Ru
Sif Muna
Uskayaw
The Shining One

Shops:
D:4 :   D:5 ?


Innate Abilities, Weirdness & Mutations

Your experience applies equally to all skills.
You have very sharp teeth.
Your uncanny sense of smell can sniff out nearby items.


Message History

The two-headed ogre is heavily wounded.
The two-headed ogre hits you but does no damage.
The two-headed ogre hits you with a +0 giant spiked club!!
You slash the two-headed ogre!
The two-headed ogre is severely wounded.
The two-headed ogre hits you with a +0 giant spiked club.
The two-headed ogre hits you but does no damage.
You hit the two-headed ogre but do no damage.
You bite the two-headed ogre.
The two-headed ogre is severely wounded.
The two-headed ogre hits you with a +0 giant spiked club! x2
You are too injured to fight recklessly!
You closely miss the two-headed ogre.
The two-headed ogre is severely wounded.
You slash the two-headed ogre! Your bite misses the two-headed ogre.
The two-headed ogre is almost dead.
The two-headed ogre hits you with a +0 giant spiked club!
* * * LOW HITPOINT WARNING * * *
The two-headed ogre hits you with a +0 giant spiked club!!
You die...

#.##..####.###.# #.. ###....##
##.#.# #.. ..(...## #...## #.#
.....## ##....### #. # #..#.##
####.......# #
#..#.(###............
#...................#
.....#)############## #..#
<.u.##..........@O.# ∆ #..#
###.##.#.#....###....# #..## #
#..#.#.###....###....# #...##
#..#...[.###....###... #....
###..#.......###....###. #...
..[..#..#.#....###....### #..# #
.....#..#.###....###....####..###
.....#......###....###....##.....
.....#........###....###.........


You could see a two-headed ogre.

Vanquished Creatures
  A centaur warrior (D:8)
  An ugly thing (D:8)
  A tengu conjurer (D:8)
  A slime creature (D:8)
  A hippogriff (D:3)
  Duvessa (D:5)
  2 orc warriors (D:8)
  A sky beast (D:5)
  A phantom (D:5)
  4 necrophages
  An ogre (D:8)
  A centaur (D:8)
  A bullfrog (D:8)
  Dowan (D:5)
  3 scorpions
  A wyvern skeleton (D:8)
  6 wights
  7 crimson imps
  A bullfrog zombie (D:5)
  2 jellies
  2 hounds (D:3)
  2 orc priests
  A bullfrog skeleton (D:7)
  A gnoll shaman (D:5)
  6 orc wizards
  Jessica (D:3)
  3 iguanas
  2 worker ants
  Ijyb (D:3)
  Terence (D:3)
  3 hound zombies
  A hound skeleton (D:5)
  A worker ant zombie (D:8)
  7 gnolls
  2 adders
  A shadow imp (D:5)
  An ooze (D:1)
  A dart slug (D:1)
  2 worms
  4 leopard geckos
  14 orcs
  4 ball pythons
  11 bats
  5 giant cockroaches
  10 goblins
  7 hobgoblins
  3 jackals (D:7)
  7 kobolds
  3 quokkas
  8 frilled lizards
  A leopard gecko skeleton (D:5)
  A quokka skeleton (D:7)
  A quokka zombie (D:8)
156 creatures vanquished.

Vanquished Creatures (others)
  2 orc wizards
2 creatures vanquished.

Grand Total: 158 creatures vanquished

Notes
Turn   | Place    | Note
-------+----------+-------------------------------------------
     0 | D:1      | mora the Gnoll Arcane Marksman began the quest for the Orb.
     0 | D:1      | Reached XP level 1. HP: 17/17 MP: 4/4
   221 | D:1      | Reached XP level 2. HP: 20/23 MP: 5/5
   588 | D:1      | Reached XP level 3. HP: 28/28 MP: 7/7
  1297 | D:2      | You fall into a shaft and drop 1 floor!
  1397 | D:2      | Reached skill level 1 in Invocations
  1834 | D:2      | Reached skill level 1 in Short Blades
  1834 | D:2      | Reached skill level 1 in Long Blades
  1834 | D:2      | Reached skill level 1 in Axes
  1834 | D:2      | Reached skill level 1 in Maces & Flails
  1834 | D:2      | Reached skill level 1 in Polearms
  1834 | D:2      | Reached skill level 1 in Staves
  1834 | D:2      | Reached skill level 1 in Slings
  1834 | D:2      | Reached skill level 1 in Bows
  1834 | D:2      | Reached skill level 1 in Crossbows
  1834 | D:2      | Reached skill level 1 in Armour
  1834 | D:2      | Reached skill level 1 in Stealth
  1834 | D:2      | Reached skill level 1 in Shields
  1834 | D:2      | Reached skill level 1 in Unarmed Combat
  1834 | D:2      | Reached skill level 1 in Evocations
  1920 | D:2      | Reached XP level 4. HP: 34/34 MP: 8/8
  1988 | D:2      | Learned a level 3 spell: Portal Projectile
  1993 | D:2      | Learned a level 4 spell: Cause Fear
  2341 | D:3      | Noticed Ijyb
  2367 | D:3      | Killed Ijyb
  2434 | D:3      | Noticed Jessica
  2443 | D:3      | Killed Jessica
  2443 | D:3      | Reached skill level 1 in Conjurations
  2443 | D:3      | Reached skill level 1 in Charms
  2443 | D:3      | Reached skill level 1 in Summonings
  2443 | D:3      | Reached skill level 1 in Necromancy
  2443 | D:3      | Reached skill level 1 in Translocations
  2443 | D:3      | Reached skill level 1 in Transmutations
  2443 | D:3      | Reached skill level 1 in Fire Magic
  2443 | D:3      | Reached skill level 1 in Ice Magic
  2443 | D:3      | Reached skill level 1 in Air Magic
  2443 | D:3      | Reached skill level 1 in Earth Magic
  2443 | D:3      | Reached skill level 1 in Poison Magic
  2490 | D:3      | Reached XP level 5. HP: 39/40 MP: 9/9
  2843 | D:3      | Found a sacrificial altar of Ru.
  2849 | D:3      | Noticed Terence
  2857 | D:3      | Killed Terence
  2989 | D:3      | Noticed a hippogriff
  3001 | D:3      | Killed a hippogriff
  3001 | D:3      | Reached skill level 5 in Throwing
  3001 | D:3      | Reached skill level 5 in Dodging
  3001 | D:3      | Reached XP level 6. HP: 39/47 MP: 9/11
  3359 | D:3      | Reached XP level 7. HP: 40/52 MP: 12/12
  3608 | D:5      | Entered Level 5 of the Dungeon
  4247 | D:5      | Noticed Duvessa
  4247 | D:5      | Noticed Dowan
  4291 | D:4      | Reached XP level 8. HP: 40/60 MP: 14/14
  4294 | D:4      | Reached skill level 6 in Hexes
  4682 | D:4      | Found Ladosaveedgh's Book Shop.
  4888 | D:5      | Found a glowing golden altar of the Shining One.
  4888 | D:5      | Found a hide-covered altar of Uskayaw.
  4889 | D:5      | Found a shattered altar of Ashenzari.
  4904 | D:5      | Became a worshipper of Ashenzari the Shackled
  5407 | D:5      | Killed Duvessa
  5490 | D:5      | Killed Dowan
  5628 | D:5      | Found Nuhiw's Magic Scroll Emporium.
  5648 | D:5      | Bought a scroll of remove curse for 39 gold pieces
  5648 | D:5      | Bought a scroll of remove curse for 39 gold pieces
  5648 | D:5      | Bought a scroll of identify for 26 gold pieces
  5648 | D:5      | Bought a scroll of teleportation for 39 gold pieces
  6001 | D:6      | Found a staircase to the Ecumenical Temple.
  6030 | D:6      | Got the uncursed chain mail of Uskayaw's Castigation {Harm
                  | MR+ Regen+ Int+4}
  6041 | D:6      | Identified the +0 chain mail of Uskayaw's Castigation {Harm
                  | MR+ Regen+ Int+4} (You found it on level 6 of the Dungeon)
  6188 | D:6      | Found a sparkling altar of Nemelex Xobeh.
  6321 | D:6      | Noticed a water elemental
  6325 | D:6      | Found a stormy altar of Qazlal.
  6326 | D:6      | Noticed an air elemental
  6892 | D:7      | Reached XP level 9. HP: 65/66 MP: 16/16
  6978 | D:7      | Reached * piety under Ashenzari
  7236 | D:7      | Found a shimmering blue altar of Sif Muna.
  7344 | D:7      | Identified Sif Muna's Papyrus of Beguiling
  7575 | D:8      | Noticed a tengu conjurer
  7576 | D:8      | Reached skill level 5 in Spellcasting
  7585 | D:8      | Killed a tengu conjurer
  7591 | D:8      | Noticed a purple ugly thing
  7738 | D:8      | Reached skill level 5 in Fighting
  8030 | D:8      | Killed a purple ugly thing
  8030 | D:8      | Reached skill level 5 in Invocations
  8496 | D:8      | Noticed a centaur warrior
  8503 | D:8      | Noticed a two-headed ogre
  8638 | D:8      | Reached XP level 10. HP: 74/74 MP: 18/18
  8924 | D:8      | Killed a centaur warrior
  8924 | D:8      | Reached skill level 5 in Short Blades
  8924 | D:8      | Reached skill level 5 in Long Blades
  8924 | D:8      | Reached skill level 5 in Axes
  8924 | D:8      | Reached skill level 5 in Maces & Flails
  8924 | D:8      | Reached skill level 5 in Polearms
  8924 | D:8      | Reached skill level 5 in Staves
  8924 | D:8      | Reached skill level 5 in Slings
  8924 | D:8      | Reached skill level 5 in Bows
  8924 | D:8      | Reached skill level 5 in Crossbows
  8924 | D:8      | Reached skill level 5 in Armour
  8924 | D:8      | Reached skill level 5 in Stealth
  8924 | D:8      | Reached skill level 5 in Shields
  8924 | D:8      | Reached skill level 5 in Unarmed Combat
  8924 | D:8      | Reached skill level 5 in Evocations
  9183 | D:8      | Reached skill level 7 in Hexes
  9496 | D:8      | Mangled by a two-headed ogre

Illustrated notes

Levels and vault maps discovered:
D:1:      scummos_arrival_star, layout_basic, chequers_serial_rivers_room_b
D:2:      layout_loops_corners
D:3:      layout_loops_cross, old_standard_altar, uniq_jessica, uniq_terence,
          uniq_ijyb
D:4:      layout_rooms, serial_shops, shop
D:5:      layout_gridville, chequers_temple_overflow_statue_of_worship,
          serial_shops, shop_fountains, first_ration, uniq_duvessa
D:6:      layout_loops_cross, nicolae_qazlal_style_of_elements,
          minmay_temple_entry_statues_pillars, basic_altar,
          nicolae_underground_beach
D:7:      layout_basic, led_sif_book
D:8:      minmay_tri_box, layout_layer_cave, serial_undead, serial_undead_b,
          serial_undead_d, serial_undead_a, serial_undead_c, serial_undead_d,
          serial_undead_a, basic_altar

Skill      XL: |  1  2  3  4  5  6  7  8  9 10 |
---------------+-------------------------------+-----
Invocations    | 1 2 3 4 5 |  5.6
Short Blades   | 1 2 3 4 5 |  5.1
Long Blades    | 1 2 3 4 5 |  5.1
Axes           | 1 2 3 4 5 |  5.1
Maces & Flails | 1 2 3 4 5 |  5.1
Polearms       | 1 2 3 4 5 |  5.1
Staves         | 1 2 3 4 5 |  5.1
Slings         | 1 2 3 4 5 |  5.1
Bows           | 1 2 3 4 5 |  5.1
Crossbows      | 1 2 3 4 5 |  5.1
Armour         | 1 2 3 4 5 |  5.1
Stealth        | 1 2 3 4 5 |  5.1
Shields        | 1 2 3 4 5 |  5.1
Unarmed Combat | 1 2 3 4 5 |  5.1
Evocations     | 1 2 3 4 5 |  5.1
Spellcasting   | 3 4 5 |  5.9
Conjurations   | 1 2 3 4 |  4.2
Charms         | 1 2 3 4 |  4.2
Summonings     | 1 2 3 4 |  4.2
Necromancy     | 1 2 3 4 |  4.2
Translocations | 1 2 3 4 |  4.2
Transmutations | 1 2 3 4 |  4.2
Fire Magic     | 1 2 3 4 |  4.2
Ice Magic      | 1 2 3 4 |  4.2
Air Magic      | 1 2 3 4 |  4.2
Earth Magic    | 1 2 3 4 |  4.2
Poison Magic   | 1 2 3 4 |  4.2
Fighting       | 3 4 5 |  5.8
Throwing       | 5 6 |  6.9
Dodging        | 5 6 |  6.9
Hexes          | 6 7 |  7.0

Action                   |  1- 3 |  4- 6 |  7- 9 | 10-12 || total
-------------------------+-------+-------+-------+-------++-------
Melee: Unarmed           |     6 |       |       |       ||     6
       Dagger            |    51 |   111 |    85 |       ||   247
       Bite              |     4 |     7 |    43 |     3 ||    57
       Punch             |       |     3 |     1 |       ||     4
       Scimitar          |       |       |   163 |    34 ||   197
Throw: Stone             |   122 |    58 |   227 |    33 ||   440
       Javelin           |     2 |       |    24 |       ||    26
       Throwing net      |       |     2 |       |       ||     2
       Boomerang         |       |       |    33 |       ||    33
 Cast: Portal Projectile |       |       |       |     2 ||     2
 Abil: Evoke Flight      |       |       |     1 |       ||     1
Evoke: Wand              |       |       |    10 |     5 ||    15
  Use: Scroll            |       |     5 |    10 |       ||    15
 Stab: Held in net/web   |       |     3 |       |       ||     3
  Eat: Chunk             |     2 |     5 |    10 |       ||    17
       Ration            |       |       |     2 |     1 ||     3
Armor: Leather armour    |     4 |       |       |       ||     4
       Chain mail        |       |    24 |    50 |     2 ||    76
       Ring mail         |       |    22 |    37 |     4 ||    63
Dodge: Dodged            |    27 |    52 |   152 |    14 ||   245
       Rpst.: Scimitar   |       |       |    24 |     3 ||    27

Table legend:
 A = Non-vault XP
 B = Vault XP
 C = Vault XP percentage of total XP
 D = Non-vault monster count
 E = Vault monster count
 F = Vault count percentage of total count
                 A         B        C        D         E       F
            +---------+---------+-------+---------+---------+-------
      Total |    2900 |    3287 |  53.1 |     135 |      23 |  14.6
            +---------+---------+-------+---------+---------+-------
        D:1 |      52 |       0 |   0.0 |      24 |       0 |   0.0
        D:2 |      32 |       0 |   0.0 |      18 |       0 |   0.0
        D:3 |     574 |     102 |  15.1 |      30 |       3 |   9.1
        D:4 |     217 |       0 |   0.0 |       7 |       0 |   0.0
        D:5 |     789 |     216 |  21.5 |      21 |       2 |   8.7
        D:6 |     272 |       0 |   0.0 |       6 |       0 |   0.0
        D:7 |     333 |      63 |  15.9 |      10 |       2 |  16.7
        D:8 |     631 |    2906 |  82.2 |      19 |      16 |  45.7
            +---------+---------+-------+---------+---------+-------
